[Event "Titled Tuesday Blitz April 25 Early 2023"]
[White "Winkels, Marcel"]
[Black "Fuzesabonyilaci"]
[WhiteFideId "1003887"]
[WhiteElo "1900"]
[BlackElo "2307"]
[Result "0-1"]
[Round "09"]
[TimeControl "180+2"]
[Date "2023.04.25"]
[WhiteClock "0:00:21"]
[BlackClock "0:01:12"]

1. d4 Nf6 2. Nc3 d5 3. Bf4 c6 4. e3 Bf5 5. Nf3 h6 6. Ne5 Nbd7 7. Bd3 e6 8. Bxf5 exf5 9. O-O Be7 10. Qf3 Ne4 11. Nxe4 fxe4 12. Qg3 g5 13. Nxd7 Qxd7 14. Bc7 b6 15. h4 Rc8 16. Bb8 O-O 17. hxg5 hxg5 18. Be5 f6 19. f3 fxe5 20. Qxe5 Qd6 21. f4 Qxe5 22. dxe5 Bc5 23. Rae1 gxf4 0-1


[Site "https://www.chess.com"]

[Event "Titled Tuesday Blitz April 25 Early 2023"]
[White "Melikhov, Evgeny V."]
[Black "Quirke, Jeffrey"]
[WhiteFideId "4122046"]
[BlackFideId "2013029"]
[WhiteElo "2158"]
[BlackElo "2222"]
[Result "1-0"]
[Round "09"]
[TimeControl "180+2"]
[Date "2023.04.25"]
[WhiteClock "0:00:03"]
[BlackClock "0:00:02"]

1. d4 e6 2. c4 b6 3. Nc3 Bb4 4. e4 Bb7 5. e5 Ne7 6. Nf3 O-O 7. Bd3 f6 8. O-O Nbc6 9. Ne4 Nf5 10. a3 Be7 11. exf6 gxf6 12. d5 Ne5 13. Nxe5 fxe5 14. Qg4+ Kh8 15. Ng5 Qe8 16. dxe6 dxe6 17. Nxe6 Rg8 18. Qxf5 Rxg2+ 19. Kh1 Rxf2+ 20. Kg1 Rxf5 21. Rxf5 Bc5+ 22. Nxc5 bxc5 23. Bg5 Rd8 24. Raf1 Rxd3 25. Rf8+ Qxf8 26. Rxf8+ Kg7 27. Re8 e4 28. Re7+ Kg6 29. Rxc7 Ba6 30. Rc6+ Kxg5 31. Rxa6 Kf4 32. Kf2 Rd2+ 33. Ke1 Rxb2 34. Rxa7 Ke3 35. Kd1 Rxh2 36. a4 h5 37. a5 h4 38. a6 h3 39. Rh7 Kd3 40. Kc1 1-0


[Site "https://www.chess.com"]

[Event "Titled Tuesday Blitz April 25 Early 2023"]
[White "Floresvillar Gonzalez, Luis Migu"]
[Black "Dwilewicz, Katarzyna"]
[WhiteFideId "5100542"]
[BlackFideId "1148486"]
[WhiteElo "2040"]
[BlackElo "2065"]
[Result "0-1"]
[Round "09"]
[TimeControl "180+2"]
[Date "2023.04.25"]
[WhiteClock "0:00:01"]
[BlackClock "0:00:07"]

1. d4 d5 2. c3 Nf6 3. Bg5 g6 4. Nf3 Bg7 5. g3 O-O 6. h4 c5 7. dxc5 h5 8. Bg2 Nbd7 9. b4 a5 10. Nbd2 Ne4 11. Nxe4 dxe4 12. Nd4 axb4 13. cxb4 Nxc5 14. bxc5 Bxd4 15. Rb1 Qa5+ 16. Kf1 Qxc5 17. e3 Bf6 18. Bxf6 exf6 19. Bxe4 Bg4 20. Bf3 Rfd8 21. Qe2 Bxf3 22. Qxf3 Rxa2 23. Kg2 Rdd2 24. Rhf1 b5 25. Qxf6 Qxe3 26. Rxb5 Ra8 27. Qc6 Rad8 28. Rb7 Qd4 29. Qf3 Rf8 30. Re7 Kg7 31. Re3 Rc8 32. Re4 Qd5 33. Rf4 Qe6 34. Re4 Qf6 35. Rf4 Qe6 36. Re4 Qd5 37. Rf4 Qxf3+ 38. Rxf3 Rcc2 39. Re3 f5 40. Rf3 Kf6 41. Re3 Rb2 42. Rc3 Rdc2 0-1


[Site "https://www.chess.com"]

[Event "Titled Tuesday Blitz April 25 Early 2023"]
[White "Sailer, Mike"]
[Black "Petrova, Irina"]
[WhiteFideId "2012901"]
[BlackFideId "14124122"]
[WhiteElo "2109"]
[BlackElo "2084"]
[Result "0-1"]
[Round "09"]
[TimeControl "180+2"]
[Date "2023.04.25"]
[WhiteClock "0:00:03"]
[BlackClock "0:00:28"]

1. d4 d6 2. Nf3 g6 3. e4 Bg7 4. Bg5 a6 5. a4 b6 6. Bd3 Bb7 7. O-O Nd7 8. c3 h6 9. Be3 Ngf6 10. Qc2 e6 11. Nbd2 O-O 12. h3 c5 13. Nc4 Qc7 14. Bf4 Ne8 15. dxc5 Nxc5 16. Rad1 e5 17. Be3 b5 18. axb5 axb5 19. Bxc5 dxc5 20. Ne3 c4 21. Be2 Nf6 22. Nd5 Nxd5 23. exd5 Qd6 24. b3 Rac8 25. bxc4 bxc4 26. Qb2 Rb8 27. Qa2 e4 28. Nd2 Qxd5 29. Bxc4 Qg5 30. g4 e3 31. fxe3 Qxe3+ 32. Rf2 Qg3+ 33. Kf1 Qxh3+ 34. Ke1 Rfe8+ 35. Be2 Qh1+ 36. Nf1 Bf3 37. Rxf3 Qxf3 0-1


[Site "https://www.chess.com"]

[Event "Titled Tuesday Blitz April 25 Early 2023"]
[White "GregLeBarbare"]
[Black "Albuquerque Junior,Wellington S."]
[BlackFideId "2151480"]
[WhiteElo "2164"]
[BlackElo "2109"]
[Result "0-1"]
[Round "09"]
[TimeControl "180+2"]
[Date "2023.04.25"]
[WhiteClock "0:00:03"]
[BlackClock "0:00:08"]

1. d4 Nf6 2. Bf4 d6 3. Nf3 g6 4. c3 Bg7 5. Nbd2 O-O 6. h3 b6 7. e4 Bb7 8. Bd3 e5 9. Be3 exd4 10. cxd4 Re8 11. Qc2 Qe7 12. d5 Na6 13. a3 Nc5 14. Bb5 Rf8 15. Bxc5 bxc5 16. O-O Rab8 17. Bd3 Nh5 18. Rfe1 Bc8 19. Nc4 f6 20. Bf1 Bd7 21. Qd2 g5 22. g3 Bb5 23. Na5 Bxf1 24. Kxf1 Qd7 25. Kg2 Rb6 26. Nc4 Rbb8 27. Qe2 g4 28. hxg4 Qxg4 29. Qe3 Kh8 30. Rh1 Rg8 31. Rh4 Qg6 32. Rah1 Bh6 33. Qxh6 Qxh6 34. Rxh5 Qg7 35. Ne3 Rxb2 36. Nf5 Rxf2+ 37. Kxf2 Qd7 38. Rxh7+ Qxh7 39. Rxh7+ Kxh7 40. Nd2 Rb8 41. Nc4 Rb3 42. Na5 Kg6 43. Nc6 Rxa3 44. Nce7+ Kf7 45. Kg2 a5 46. Kh3 a4 47. Kg4 Ra2 48. Nc6 a3 49. Nh6+ Kg6 50. Ng8 Rb2 51. Nge7+ Kf7 52. Kf5 a2 53. g4 a1=Q 54. g5 Qf1+ 0-1


[Site "https://www.chess.com"]

[Event "Titled Tuesday Blitz April 25 Early 2023"]
[White "dDobravcan"]
[Black "Antonio, Jorge Carlos"]
[BlackFideId "113190"]
[WhiteElo "2151"]
[BlackElo "2247"]
[Result "0-1"]
[Round "09"]
[TimeControl "180+2"]
[Date "2023.04.25"]
[WhiteClock "0:00:08"]
[BlackClock "0:00:11"]

1. d4 d5 2. Nc3 c6 3. Bf4 Nf6 4. e3 Bf5 5. f3 e6 6. g4 Bg6 7. h4 h6 8. h5 Bh7 9. Bd3 Bxd3 10. Qxd3 Nbd7 11. O-O-O Be7 12. e4 dxe4 13. fxe4 Nxg4 14. Qe2 Ngf6 15. Nf3 Nh7 16. Rhg1 Bg5 17. Nxg5 hxg5 18. Bd6 Nb6 19. e5 Nc8 20. Ba3 b5 21. Ne4 a5 22. Bd6 f5 23. Nc5 Kf7 24. d5 cxd5 25. Qxb5 Nxd6 26. exd6 Qxd6 27. Nd3 Rhb8 28. Qa4 g4 29. Rge1 Rb4 30. Nxb4 Qxb4 31. Qd7+ Qe7 32. Qc6 Nf6 33. Qxa8 Ne4 34. Qxa5 Qg5+ 35. Kb1 Qxh5 36. Rxe4 dxe4 37. Rd7+ Kf6 38. Qc3+ e5 39. Qc6+ Kg5 40. Rxg7+ Kf4 41. a3 Qh1+ 42. Ka2 g3 43. Qc3 Qf3 44. Qd2+ e3 45. Qb4+ Qe4 46. Qe1 Qf3 47. Qb4+ Qe4 48. Qe1 Qf3 49. Qg1 Qf2 50. Qh1 e2 51. Qh4+ Kf3 52. Qh5+ Kg2 53. Rh7 e1=Q 54. Qh3+ Kf3 55. Qh5+ Ke4 56. Qh4+ Qf4 57. Qd8 Kf3 58. Qd3+ Qee3 59. Qf1+ Qf2 60. Qd3+ Q4e3 61. Qxf5+ Ke2 62. Re7 Qxf5 63. Rc7 g2 64. Rc6 g1=Q 65. Rc7 Qd4 66. c3 Qd5+ 67. b3 Qc2# 0-1


[Site "https://www.chess.com"]

[Event "Titled Tuesday Blitz April 25 Early 2023"]
[White "Barwinska, Ewa"]
[Black "Hartikainen, Jarmo"]
[WhiteFideId "21833761"]
[BlackFideId "503134"]
[WhiteElo "1908"]
[BlackElo "2148"]
[Result "0-1"]
[Round "09"]
[TimeControl "180+2"]
[Date "2023.04.25"]
[WhiteClock "0:00:59"]
[BlackClock "0:00:25"]

1. e4 c5 2. Nf3 Nc6 3. d4 cxd4 4. Nxd4 Nf6 5. Nc3 d6 6. Bg5 Bd7 7. Qd2 a6 8. O-O-O Qc7 9. Bxf6 gxf6 10. f4 h5 11. Nd5 Qd8 12. Bc4 e6 13. Nc3 Qc7 14. f5 Bh6 15. Kb1 Bxd2 16. Rxd2 Nxd4 17. Rxd4 e5 18. Nd5 Qc5 19. Nxf6+ Kd8 20. Rd5 Qxc4 21. Rxd6 Kc8 22. Nxd7 Kc7 23. Nb6 Qc5 24. Rf6 Qxb6 25. Rxb6 Kxb6 26. c4 Rad8 27. Kc2 Rhg8 28. g3 Rg4 29. Re1 Rd4 30. Kc3 Rgxe4 31. Rxe4 Rxe4 32. b4 Rd4 33. a4 Re4 34. Kd3 Re1 35. c5+ Kc6 36. h3 f6 37. g4 hxg4 38. hxg4 Rg1 39. g5 Rxg5 40. Ke4 Rg4+ 41. Kf3 Rf4+ 42. Kg3 Rxf5 43. Kh4 Rf4+ 44. Kh5 e4 45. Kg6 e3 46. b5+ axb5 47. axb5+ Kxc5 48. b6 Kxb6 49. Kf7 e2 50. Kf8 e1=Q 51. Kf7 f5 52. Kf6 Rf2 53. Kf7 f4 54. Kf8 f3 55. Kf7 Qe3 56. Kf8 Qf4+ 57. Ke8 Re2+ 58. Kd8 Qd4+ 59. Kc8 Rc2+ 60. Kb8 Qd8# 0-1


[Site "https://www.chess.com"]

[Event "Titled Tuesday Blitz April 25 Early 2023"]
[White "Jaivardhan Raj"]
[Black "Bekkedahl, Zachary"]
[WhiteFideId "25744437"]
[BlackFideId "2069156"]
[WhiteElo "1772"]
[BlackElo "1943"]
[Result "0-1"]
[Round "09"]
[TimeControl "180+2"]
[Date "2023.04.25"]
[WhiteClock "0:00:18"]
[BlackClock "0:00:09"]

1. e4 c5 2. Nf3 g6 3. d4 cxd4 4. Qxd4 Nf6 5. Nc3 Nc6 6. Qa4 d6 7. e5 dxe5 8. Nxe5 Nd7 9. Nxc6 bxc6 10. Qxc6 Rb8 11. Nb5 Bg7 12. Bc4 O-O 13. Bf4 Bb7 14. Qc7 Bxg2 15. Rg1 Bf3 16. Qxd8 Rbxd8 17. Rg3 Bc6 18. Nxa7 Be4 19. c3 e5 20. Be3 Kh8 21. Nb5 f5 22. Bg5 Rc8 23. Bb3 f4 24. Rg1 Nc5 25. Nd6 Rc6 26. Nf7+ Kg8 27. Nxe5+ Nxb3 28. Nxc6 Nxa1 29. Ne7+ Kf7 30. Kd2 Rd8+ 31. Ke2 Nc2 32. f3 Bb7 33. Nxg6 Re8+ 34. Ne5+ Bxe5 35. Kf2 Bc7 36. Rd1 Bb6+ 37. Kg2 Re2+ 38. Kh3 Bc8+ 39. Kh4 Ne3 40. Rh1 Nf5+ 41. Kh5 Bf2 42. h4 Re6 43. Rd1 h6 44. Rd8 hxg5 45. Rh8 gxh4 46. Rh7+ Kf6 47. Rf7+ Ke5 48. Kg4 h3 49. Kxh3 Bg3 50. Kg2 Rh6 51. Kf1 Rh2 52. Re7+ Be6 53. Rxe6+ Kxe6 54. c4 Ke5 55. c5 Kd5 56. c6 Kxc6 57. b4 Kb5 58. a4+ Kxa4 59. b5 Ne3+ 60. Kg1 Rg2+ 61. Kh1 Rf2 62. b6 Nf1 63. b7 Rb2 64. b8=Q Rxb8 65. Kg1 Rb2 66. Kh1 Ne3 67. Kg1 Kb3 68. Kh1 Kc3 69. Kg1 Kd3 70. Kh1 Nd5 71. Kg1 Ke3 72. Kh1 Kxf3 73. Kg1 Rb1# 0-1


[Site "https://www.chess.com"]

[Event "Titled Tuesday Blitz April 25 Early 2023"]
[White "Steenbekkers, Franck"]
[Black "Levitan, Caleb Levi"]
[WhiteFideId "1004220"]
[BlackFideId "14332620"]
[WhiteElo "2114"]
[BlackElo "1963"]
[Result "0-1"]
[Round "09"]
[TimeControl "180+2"]
[Date "2023.04.25"]
[WhiteClock "0:02:43"]
[BlackClock "0:02:32"]

1. e4 e5 2. Nf3 Nc6 3. Bb5 a6 4. Ba4 Nf6 5. d3 b5 6. Bb3 Bc5 7. Bg5 h6 8. Be3 Bxe3 9. fxe3 O-O 10. O-O d5 11. exd5 Nxd5 12. e4 Ne3 13. Qe2 Nxf1 14. Qxf1 Nd4 15. Nxe5 Nxb3 16. axb3 Qd4+ 0-1


[Site "https://www.chess.com"]

[Event "Titled Tuesday Blitz April 25 Early 2023"]
[White "Dzhaparov, Medet"]
[Black "Necula, Iulian"]
[WhiteFideId "13803689"]
[BlackFideId "1232380"]
[WhiteElo "1690"]
[BlackElo "1790"]
[Result "0-1"]
[Round "09"]
[TimeControl "180+2"]
[Date "2023.04.25"]
[WhiteClock "0:00:24"]
[BlackClock "0:01:08"]

1. e4 d6 2. d4 Nf6 3. Nc3 e5 4. dxe5 dxe5 5. Qxd8+ Kxd8 6. Nf3 Bd6 7. Bc4 Be6 8. Bxe6 fxe6 9. Ng5 Ke7 10. O-O h6 11. Nf3 Nc6 12. Be3 a6 13. a3 g5 14. h3 Rhg8 15. g4 Raf8 16. Nh2 b5 17. f3 Nd4 18. Bxd4 exd4 19. Ne2 c5 20. c3 d3 21. Nc1 c4 22. b3 Bc5+ 23. Kg2 h5 24. bxc4 bxc4 25. Rb1 Rb8 26. Na2 Rb3 27. Rxb3 cxb3 28. Nc1 Bxa3 29. Nxb3 Rc8 30. Ra1 Rxc3 31. Rxa3 d2 32. Ra1 Rxb3 33. Rd1 Rb2 34. Kf2 hxg4 35. Nxg4 Nxg4+ 36. hxg4 Kd6 37. Ke2 Kc5 38. Rxd2 Rxd2+ 39. Kxd2 Kd4 40. f4 gxf4 41. g5 Ke5 42. Kc3 a5 0-1


[Site "https://www.chess.com"]

[Event "Titled Tuesday Blitz April 25 Early 2023"]
[White "Vidruska, Renate"]
[Black "Chakravarthi Reddy, M"]
[WhiteFideId "11601841"]
[BlackFideId "25009532"]
[WhiteElo "1976"]
[BlackElo "2201"]
[Result "1/2-1/2"]
[Round "09"]
[TimeControl "180+2"]
[Date "2023.04.25"]
[WhiteClock "0:00:17"]
[BlackClock "0:00:18"]

1. e4 g6 2. d4 Bg7 3. Nc3 d6 4. Nf3 a6 5. a4 Nc6 6. Be2 Nf6 7. O-O O-O 8. h3 d5 9. e5 Ne4 10. Bd3 Nxc3 11. bxc3 f6 12. exf6 Rxf6 13. Re1 Bf5 14. Ba3 Qd7 15. Ne5 Nxe5 16. Rxe5 e6 17. Bf1 Rf7 18. Re3 Bf8 19. g4 Bh6 20. gxf5 Bxe3 21. fxe3 gxf5 22. Bg2 Kh8 23. Kh1 Rg8 24. Qf3 Rfg7 25. Rg1 Rg3 26. Qf4 Qg7 27. Qf2 Qh6 28. Bc1 Rxh3+ 29. Bxh3 Qxh3+ 30. Qh2 Qf3+ 31. Rg2 Rg3 32. Qxg3 Qh5+ 33. Rh2 Qd1+ 34. Qg1 Qf3+ 35. Rg2 Qh5+ 36. Qh2 Qd1+ 37. Qg1 Qh5+ 38. Rh2 Qf3+ 39. Qg2 Qd1+ 40. Qg1 Qf3+ 1/2-1/2


[Site "https://www.chess.com"]

[Event "Titled Tuesday Blitz April 25 Early 2023"]
[White "Castillo Pena, Patricia Evarista"]
[Black "Singh, Arvinder Preet"]
[WhiteFideId "6412106"]
[BlackFideId "5013240"]
[WhiteElo "1919"]
[BlackElo "2124"]
[Result "0-1"]
[Round "09"]
[TimeControl "180+2"]
[Date "2023.04.25"]
[WhiteClock "0:00:04"]
[BlackClock "0:00:34"]

1. d4 f5 2. Nf3 Nf6 3. e3 g6 4. Bd3 Bg7 5. O-O O-O 6. b3 c5 7. Bb2 Nc6 8. Nbd2 Nb4 9. Bc4+ d5 10. Be2 Ne4 11. Ne5 cxd4 12. exd4 Nc6 13. c4 Nxe5 14. dxe5 e6 15. Bf3 Nxd2 16. Qxd2 dxc4 17. Qxd8 Rxd8 18. bxc4 Rb8 19. Bc3 Bd7 20. Rab1 b6 21. Rfd1 Rbc8 22. Be2 Ba4 23. Rxd8+ Rxd8 24. Kf1 Kf7 25. f4 Bh6 26. g3 g5 27. fxg5 Bxg5 28. Bh5+ Kg7 29. Ke2 Bc6 30. Rd1 Kh6 31. Rxd8 Bxd8 32. Bf3 Bxf3+ 33. Kxf3 Bg5 34. h4 Be7 35. Bd2+ Kg6 36. Be3 Kf7 37. Bg5 Bc5 38. g4 fxg4+ 39. Kxg4 Bd4 40. Bf6 Be3 41. h5 Ke8 42. Kf3 Bc1 43. Ke4 Kd7 44. Kd4 Kc6 45. Be7 Bb2+ 46. Ke4 a6 47. a4 Bc1 48. Kd4 Bf4 49. Ke4 Bg3 50. Kd4 Bf2+ 51. Ke4 Bc5 52. Bd8 Bf8 53. Kd4 Ba3 54. Ke4 Bc1 55. Kd4 Bb2+ 56. Ke4 Kc5 57. Kd3 Bxe5 58. Ke4 Bh2 59. Kf3 Bg1 60. Ke4 Kxc4 0-1


[Site "https://www.chess.com"]

[Event "Titled Tuesday Blitz April 25 Early 2023"]
[White "Coelho, Ramyres Santana"]
[Black "Butolo, Alexandru-Mircea"]
[WhiteFideId "2120690"]
[BlackFideId "1261649"]
[WhiteElo "1888"]
[BlackElo "1861"]
[Result "1-0"]
[Round "09"]
[TimeControl "180+2"]
[Date "2023.04.25"]
[WhiteClock "0:01:23"]
[BlackClock "0:00:07"]

1. e4 c5 2. Nf3 Nc6 3. d4 cxd4 4. c3 Nf6 5. e5 Nd5 6. cxd4 d6 7. Nc3 dxe5 8. dxe5 Nxc3 9. Qxd8+ Nxd8 10. bxc3 Nc6 11. Bb5 Bd7 12. Bxc6 Bxc6 13. O-O e6 14. Nd4 Bd7 15. a4 a6 16. Ba3 Bxa3 17. Rxa3 Rc8 18. Rb1 Rc7 19. Rab3 Bc8 20. f4 O-O 21. Kf2 Rd8 22. Ke3 Rc4 23. a5 Ra4 24. Rb6 Rxa5 25. Rd6 Rd5 26. Rbb6 Kf8 27. c4 R5xd6 28. exd6 Ke8 29. c5 Kd7 30. Nf3 f6 31. g4 Re8 32. g5 e5 33. fxe5 fxe5 34. Ke4 Ke6 35. Nxe5 Rf8 36. d7+ 1-0


[Site "https://www.chess.com"]

[Event "Titled Tuesday Blitz April 25 Early 2023"]
[White "Rudzinska, Michalina"]
[Black "Tymrakiewicz, Rafal"]
[WhiteFideId "1172883"]
[BlackFideId "1108832"]
[WhiteElo "2219"]
[BlackElo "2151"]
[Result "1-0"]
[Round "09"]
[TimeControl "180+2"]
[Date "2023.04.25"]
[WhiteClock "0:00:05"]
[BlackClock "0:00:01"]

1. e4 Nf6 2. e5 Nd5 3. d4 d6 4. c4 Nb6 5. exd6 cxd6 6. Nc3 g6 7. Be3 Bg7 8. Rc1 O-O 9. b3 d5 10. c5 Nc6 11. cxb6 e5 12. Nf3 Bg4 13. Bb5 Nxd4 14. O-O Nxb5 15. Nxb5 d4 16. Nc7 Rc8 17. h3 axb6 18. hxg4 Rxc7 19. Rxc7 Qxc7 20. Bc1 Rd8 21. Ng5 Qc6 22. Qf3 Qxf3 23. gxf3 Rc8 24. f4 h6 25. Ne4 f5 26. gxf5 gxf5 27. Nd6 Rc2 28. Nxf5 e4 29. Nxg7 Kxg7 30. Rd1 d3 31. Kf1 Rxa2 32. Be3 Kg6 33. Bxb6 Kf5 34. b4 Kg4 35. Be3 Kf3 36. b5 h5 37. b6 h4 38. f5 h3 39. Kg1 Ra5 40. Kh2 Rxf5 41. Rg1 Ke2 42. Kxh3 Rf3+ 43. Kg4 Rxf2 44. Bxf2 Kxf2 45. Rd1 Ke2 46. Ra1 e3 47. Kf4 Kf2 48. Ke4 d2 49. Kd3 Kf3 50. Rf1+ Kg2 51. Rd1 Kf2 52. Ra1 Kf3 53. Rb1 Kf2 54. Kc2 Ke2 55. Rh1 Kf2 56. Kd1 Kf3 57. Rh2 Kg3 58. Re2 Kf3 59. Rh2 Kg3 60. Rh7 Kf3 61. Rf7+ 1-0


[Site "https://www.chess.com"]

[Event "Titled Tuesday Blitz April 25 Early 2023"]
[White "Lach, Aleksandra"]
[Black "Amitpal, Singh"]
[WhiteFideId "1134299"]
[BlackFideId "5012899"]
[WhiteElo "2111"]
[BlackElo "2107"]
[Result "1-0"]
[Round "09"]
[TimeControl "180+2"]
[Date "2023.04.25"]
[WhiteClock "0:00:24"]
[BlackClock "0:00:49"]

1. e4 e5 2. Nc3 Nf6 3. f4 exf4 4. e5 Ng8 5. d4 Qh4+ 6. Kd2 f3 7. Nxf3 Qd8 8. Ke1 Bb4 9. Bd2 d6 10. Bc4 dxe5 11. dxe5 Bxc3 12. Bxc3 Qxd1+ 13. Rxd1 Bg4 14. Rf1 Nc6 15. h3 Bxf3 16. Rxf3 f6 17. Bxg8 Rxg8 18. exf6 gxf6 19. Kf2 Rd8 20. Re1+ Ne7 21. Bxf6 Rd7 22. g4 Kf7 23. Bxe7+ Kg6 24. Re6+ Kg7 25. Bf6+ Kf7 26. Re2 Rg6 27. g5 Kg8 28. h4 h6 29. h5 Rgg7 30. Bxg7 Kxg7 31. gxh6+ Kxh6 32. Rf5 Kh7 33. Re6 Rg7 34. Kf3 Rg1 35. Rf7+ Kg8 36. Rxc7 Rf1+ 37. Kg4 Rf8 38. Kg5 Kh8 39. Kh6 Rb8 40. Rg6 Rd8 41. Rh7# 1-0


[Site "https://www.chess.com"]

[Event "Titled Tuesday Blitz April 25 Early 2023"]
[White "Ciuffoletti, Paolo"]
[Black "Flis, Pawel"]
[WhiteFideId "807630"]
[BlackFideId "1112864"]
[WhiteElo "2143"]
[BlackElo "1822"]
[Result "1-0"]
[Round "09"]
[TimeControl "180+2"]
[Date "2023.04.25"]
[WhiteClock "0:00:12"]
[BlackClock "0:00:02"]

1. e4 c5 2. d4 cxd4 3. c3 d5 4. exd5 Nf6 5. Bb5+ Bd7 6. Bc4 Bg4 7. f3 Bc8 8. Qxd4 g6 9. Bg5 Bg7 10. Qd2 O-O 11. Ne2 Nbd7 12. Bb3 Nc5 13. c4 Bf5 14. O-O Nxb3 15. axb3 Qb6+ 16. Qe3 Nd7 17. Nbc3 Qxb3 18. Nd4 Qxc4 19. Nxf5 gxf5 20. Ra4 Qc5 21. Qxc5 Nxc5 22. Rc4 Rfe8 23. Re1 Nd3 24. Rxe7 Rxe7 25. Bxe7 Nxb2 26. Rc7 a5 27. d6 Be5 28. Rxb7 Bxd6 29. Bxd6 Nc4 30. Rb8+ Rxb8 31. Bxb8 f6 32. Kf2 Kf7 33. Ke2 Ke6 34. Kd3 Nb2+ 35. Kd4 a4 36. Nb5 1-0


[Site "https://www.chess.com"]

[Event "Titled Tuesday Blitz April 25 Early 2023"]
[White "Maluco_do_Natal_00"]
[Black "Sanchez, Robert"]
[BlackFideId "2034360"]
[WhiteElo "2005"]
[BlackElo "1934"]
[Result "1-0"]
[Round "09"]
[TimeControl "180+2"]
[Date "2023.04.25"]
[WhiteClock "0:01:28"]
[BlackClock "0:01:53"]

1. e4 e5 2. Nf3 Nc6 3. Bb5 Nd4 4. Nxd4 exd4 5. d3 c6 6. Ba4 Nf6 7. O-O d6 8. Bg5 Be7 9. Nd2 b5 10. Bb3 O-O 11. f4 Ng4 12. Bxe7 Qxe7 13. Qf3 a5 14. c3 a4 15. Bd1 Ne3 16. cxd4 Nxf1 17. Nxf1 d5 18. Ne3 dxe4 19. dxe4 Qb4 1-0


[Site "https://www.chess.com"]

[Event "Titled Tuesday Blitz April 25 Early 2023"]
[White "Prado, Alexandra"]
[Black "Lohani, Sujana"]
[WhiteFideId "3301346"]
[BlackFideId "12311987"]
[WhiteElo "1759"]
[BlackElo "1718"]
[Result "0-1"]
[Round "09"]
[TimeControl "180+2"]
[Date "2023.04.25"]
[WhiteClock "0:00:01"]
[BlackClock "0:00:19"]

1. e4 g6 2. d4 Bg7 3. Bc4 d6 4. f4 Nf6 5. Nc3 O-O 6. Nf3 c5 7. O-O cxd4 8. Qxd4 Nc6 9. Qf2 Ng4 10. Qe1 Qb6+ 11. Kh1 Na5 12. Bd3 Bd7 13. h3 Nf6 14. Rb1 Rac8 15. Be3 Qc7 16. e5 dxe5 17. Nxe5 Be6 18. Qf2 Nc4 19. Bxc4 Bxc4 20. Nxc4 Qxc4 21. Bxa7 Nh5 22. Nd1 Qxc2 23. Qxc2 Rxc2 24. Ne3 Ng3+ 25. Kg1 Rxb2 26. Rxb2 Bxb2 27. Rb1 Bf6 28. Rxb7 Ne2+ 29. Kf2 Nxf4 30. Ng4 Bg5 31. g3 Nd3+ 32. Kf3 h5 33. Ne3 Ne5+ 34. Ke2 Rc8 35. Nd5 e6 36. Ne7+ Bxe7 37. Rxe7 Rc2+ 38. Ke3 Rxa2 39. Bd4 Nc4+ 40. Ke4 Nd6+ 41. Kd3 Ra4 0-1


[Site "https://www.chess.com"]

[Event "Titled Tuesday Blitz April 25 Early 2023"]
[White "Firouzja, Alireza"]
[Black "Caruana, Fabiano"]
[WhiteFideId "12573981"]
[BlackFideId "2020009"]
[WhiteElo "2904"]
[BlackElo "2837"]
[Result "1-0"]
[Round "10"]
[TimeControl "180+2"]
[Date "2023.04.25"]
[WhiteClock "0:00:11"]
[BlackClock "0:00:13"]

1. d4 Nf6 2. Nc3 e6 3. e4 d5 4. e5 Nfd7 5. f4 c5 6. Nf3 Nc6 7. Be3 Be7 8. a3 a6 9. dxc5 Nxc5 10. b4 Nd7 11. Bd3 Qc7 12. Ne2 f6 13. Ned4 Nb6 14. O-O Nc4 15. Bxc4 dxc4 16. Nxc6 Qxc6 17. exf6 gxf6 18. Nd4 Qd5 19. Qe2 Bd7 20. Rad1 Qe4 21. f5 e5 22. Qh5+ Kd8 23. Ne6+ Kc8 24. Rfe1 Rg8 25. Re2 Bc6 26. Bg5 Qxf5 27. Qf7 Re8 28. Red2 Kb8 29. Be3 Qg6 30. Qxe7 1-0


[Site "https://www.chess.com"]

[Event "Titled Tuesday Blitz April 25 Early 2023"]
[White "Deac, Bogdan-Daniel"]
[Black "Gupta, Abhijeet"]
[WhiteFideId "1226380"]
[BlackFideId "5010608"]
[WhiteElo "2649"]
[BlackElo "2528"]
[Result "1/2-1/2"]
[Round "10"]
[TimeControl "180+2"]
[Date "2023.04.25"]
[WhiteClock "0:00:05"]
[BlackClock "0:00:06"]

1. d4 Nf6 2. c4 c6 3. Nc3 d5 4. Nf3 e6 5. Bg5 Nbd7 6. e3 h6 7. Bh4 g5 8. Bg3 Nh5 9. Be5 Nhf6 10. cxd5 exd5 11. h3 Nxe5 12. Nxe5 Nd7 13. Nd3 Bg7 14. h4 Qe7 15. hxg5 hxg5 16. Rxh8+ Bxh8 17. Be2 Nf6 18. Qb3 Bf5 19. O-O-O O-O-O 20. Nc5 Kb8 21. Bd3 Bc8 22. Qc2 b6 23. Nb3 Ne8 24. Bf5 Bb7 25. a4 a5 26. Bd3 Nd6 27. Rh1 Bg7 28. Qe2 f5 29. Rh7 Rh8 30. Rxh8+ Bxh8 31. Qh5 Bf6 32. g3 f4 33. gxf4 gxf4 34. exf4 Nc4 35. Bxc4 dxc4 36. Nd2 Bxd4 37. Nxc4 Qb4 38. Qe8+ Ka7 39. Ne5 Bxc3 40. bxc3 Qxf4+ 41. Kd1 Qxa4+ 42. Kd2 Qa2+ 43. Ke3 Qd5 44. c4 Qc5+ 45. Kd3 a4 46. f4 a3 47. Kc3 a2 48. Kb2 Qf2+ 49. Ka1 Qc2 50. Qg6 Qc1+ 51. Kxa2 Qxf4 52. Nxc6+ Bxc6 53. Qxc6 Qd2+ 54. Kb3 Qd3+ 55. Kb2 Qd2+ 56. Kb3 Qd3+ 57. Kb2 Qd2+ 58. Kb3 1/2-1/2


[Site "https://www.chess.com"]

[Event "Titled Tuesday Blitz April 25 Early 2023"]
[White "Moussard, Jules"]
[Black "Korobov, Anton"]
[WhiteFideId "642908"]
[BlackFideId "14105730"]
[WhiteElo "2610"]
[BlackElo "2638"]
[Result "0-1"]
[Round "10"]
[TimeControl "180+2"]
[Date "2023.04.25"]
[WhiteClock "0:00:01"]
[BlackClock "0:01:01"]

1. e4 c5 2. Nf3 d6 3. d4 cxd4 4. Nxd4 Nf6 5. Nc3 a6 6. h3 e6 7. g4 Be7 8. Bg2 Nfd7 9. b3 b5 10. Bb2 Bb7 11. Qe2 Nc5 12. O-O O-O 13. Rad1 Nc6 14. Nxc6 Bxc6 15. Qe3 Qc7 16. f4 Rad8 17. Ne2 e5 18. f5 Bh4 19. g5 f6 20. gxf6 gxf6 21. Ba3 Bg5 22. Qc3 Qb6 23. Bxc5 dxc5 24. Qg3 Kh8 25. h4 Bh6 26. Kh1 Rg8 27. Qf2 Rg4 28. Nc3 Rdg8 29. Bf3 Be3 30. Qe1 Rg3 31. Qxe3 Rh3# 0-1


[Site "https://www.chess.com"]

[Event "Titled Tuesday Blitz April 25 Early 2023"]
[White "Duda, Jan-Krzysztof"]
[Black "Svane, Frederik"]
[WhiteFideId "1170546"]
[BlackFideId "12923044"]
[WhiteElo "2790"]
[BlackElo "2502"]
[Result "1-0"]
[Round "10"]
[TimeControl "180+2"]
[Date "2023.04.25"]
[WhiteClock "0:00:45"]
[BlackClock "0:00:01"]

1. e4 e5 2. Nf3 Nc6 3. Bb5 Nf6 4. O-O Nxe4 5. Re1 Nd6 6. Nxe5 Nxe5 7. Rxe5+ Be7 8. Bf1 O-O 9. d4 Bf6 10. Re1 Re8 11. Bf4 Rxe1 12. Qxe1 Ne8 13. c3 d5 14. Bd3 g6 15. Nd2 Ng7 16. Qe2 Bf5 17. Bxf5 Nxf5 18. Qb5 b6 19. Re1 Rc8 20. Qc6 Kg7 21. Nf3 h6 22. g4 Nh4 23. Nxh4 Bxh4 24. Re5 Bf6 25. Rxd5 Qe7 26. Rd7 Qe2 27. Rxf7+ Kxf7 28. Qd7+ Be7 29. Qxc8 Qe1+ 30. Kg2 Qe4+ 31. Kg3 Qd3+ 32. Be3 Bd6+ 33. Kf3 Qd1+ 34. Kg2 Qb1 35. Qd7+ Kf6 36. Qe8 g5 37. d5 Qd3 38. Bd4+ Be5 39. Bxe5# 1-0


[Site "https://www.chess.com"]

[Event "Titled Tuesday Blitz April 25 Early 2023"]
[White "Sarana, Alexey"]
[Black "Chigaev, Maksim"]
[WhiteFideId "24133795"]
[BlackFideId "4108116"]
[WhiteElo "2714"]
[BlackElo "2547"]
[Result "1-0"]
[Round "10"]
[TimeControl "180+2"]
[Date "2023.04.25"]
[WhiteClock "0:00:19"]
[BlackClock "0:00:04"]

1. d4 Nf6 2. c4 g6 3. Nc3 Bg7 4. e4 d6 5. Be2 O-O 6. Be3 e5 7. d5 Na6 8. g4 Nc5 9. f3 h5 10. g5 Nh7 11. h4 f6 12. Qd2 fxg5 13. hxg5 Rf4 14. b4 Na6 15. Rb1 b6 16. Kd1 Nb8 17. Nh3 Bxh3 18. Rxh3 a5 19. a3 axb4 20. axb4 Nxg5 21. Rg3 Qf6 22. Kc2 Nxf3 23. Bxf3 Rxf3 24. Rg2 Nd7 25. Rbg1 Nf8 26. Qe2 Kh7 27. Kb2 Bh6 28. Rg3 Rxg3 29. Rxg3 Bf4 30. Rg1 Kh6 31. Nb5 Rc8 32. Bf2 g5 33. Rh1 Qg6 34. Qg4 Re8 35. Nxc7 Re7 36. Nb5 Qxe4 37. Qxh5+ Kg7 38. Qh6+ 1-0


[Site "https://www.chess.com"]